[ PARTIDA AOE2 · #495724928 ]
UnrankedEtíopes vs Celts
Equipo del jugador · DERR
Equipo rival · VICT
[ ANÁLISIS DE REPETICIÓN · EXTRAÍDO DE LA PARTIDA GRABADA ]
Feudal
11:45
Castillos
15:31
Imperial
27:57
| APM promedio | 33.0 |
| APM pico | 55 |
| eAPM promedio | 25.5 |
| Aldeanos / militares | 154 / 33 |
Foco
⚔️ 25.8% · 🌾 74.2%
Shotel Warrior ×26 · Trebuchet (Packed) ×5 · Monk ×1 · Archer ×1
Feudal
11:23
Castillos
14:53
Imperial
24:47
| APM promedio | 63.2 |
| APM pico | 115 |
| eAPM promedio | 38.6 |
| Aldeanos / militares | 172 / 63 |
Foco
⚔️ 18.7% · 🌾 81.3%
Woad Raider ×50 · Battering Ram ×8 · Trebuchet (Packed) ×5
Mapa de la partida
Recursos iniciales + cada clic de construcción. Líneas = muros · curvas = relieve. ◆ oro · ⬟ piedra · ● bayas · ✦ reliquia · ◌ hueco del cierre
Tu base· Abierta — flanco sin cerrar
Base de Perro_Muchachev· Abierta — flanco sin cerrar
Terreno inicial suavizado · ◌ = hueco del cierre detectado · pasá el cursor para detalles
Inputs por minuto
— Saloon_F_F - - Perro_Muchachev
Build order — Saloon_F_F
Primeras 150 de 355 acciones detectadas
| 0:02 | Crear | Villager (Male) |
| 0:03 | Construir | House |
| 0:06 | Construir | House |
| 0:13 | Crear | Villager (Male) |
| 0:15 | Construir | House |
| 0:44 | Crear | Villager (Male) |
| 0:48 | Crear | Villager (Male) |
| 1:11 | Investigar | Loom |
| 1:14 | Crear | Villager (Male) |
| 1:32 | Crear | Villager (Male) |
| 1:56 | Crear | Villager (Male) |
| 2:08 | Crear | Villager (Male) |
| 2:08 | Crear | Villager (Male) |
| 2:39 | Crear | Villager (Male) |
| 2:40 | Crear | Villager (Male) |
| 2:44 | Construir | Lumber Camp |
| 3:11 | Crear | Villager (Male) |
| 3:11 | Crear | Villager (Male) |
| 3:16 | Crear | Villager (Male) |
| 3:35 | Crear | Villager (Male) |
| 3:42 | Construir | House |
| 3:58 | Construir | House |
| 4:02 | Crear | Villager (Male) |
| 4:10 | Crear | Villager (Male) |
| 4:33 | Crear | Villager (Male) |
| 4:36 | Construir | Lumber Camp |
| 4:40 | Crear | Villager (Male) |
| 5:05 | Crear | Villager (Male) |
| 5:13 | Construir | House |
| 5:22 | Crear | Villager (Male) |
| 5:27 | Crear | Villager (Male) |
| 5:28 | Crear | Villager (Male) |
| 5:31 | Crear | Villager (Male) |
| 6:01 | Crear | Villager (Male) |
| 6:01 | Crear | Villager (Male) |
| 6:15 | Crear | Villager (Male) |
| 6:23 | Construir | Mill |
| 6:27 | Crear | Villager (Male) |
| 6:43 | Crear | Villager (Male) |
| 6:56 | Crear | Villager (Male) |
| 6:56 | Crear | Villager (Male) |
| 7:17 | Crear | Villager (Male) |
| 7:23 | Construir | House |
| 7:28 | Construir | Barracks |
| 7:54 | Crear | Villager (Male) |
| 7:54 | Crear | Villager (Male) |
| 7:56 | Construir | Mining Camp |
| 7:58 | Construir | House |
| 7:59 | Construir | House |
| 8:09 | Crear | Villager (Male) |
| 8:09 | Crear | Villager (Male) |
| 8:24 | Crear | Villager (Male) |
| 8:24 | Crear | Villager (Male) |
| 8:28 | Construir | House |
| 8:33 | Crear | Villager (Male) |
| 8:54 | Construir | Mining Camp |
| 9:09 | Crear | Villager (Male) |
| 9:29 | Crear | Villager (Male) |
| 9:36 | Investigar | Feudal Age |
| 9:37 | Crear | Villager (Male) |
| 9:49 | Crear | Villager (Male) |
| 9:49 | Crear | Villager (Male) |
| 10:02 | Crear | Villager (Male) |
| 10:22 | Crear | Villager (Male) |
| 10:33 | Construir | Barracks |
| 10:34 | Construir | House |
| 10:52 | Construir | Mill |
| 11:45 | Edad | Edad Feudal |
| 11:49 | Construir | Market |
| 12:02 | Construir | Blacksmith |
| 12:07 | Investigar | Wheelbarrow |
| 12:10 | Construir | House |
| 12:15 | Construir | Archery Range |
| 12:20 | Crear | Villager (Male) |
| 12:21 | Crear | Villager (Male) |
| 12:42 | Construir | Barracks |
| 12:43 | Construir | Barracks |
| 12:51 | Investigar | Castle Age |
| 12:52 | Crear | Villager (Male) |
| 12:57 | Construir | Mining Camp |
| 13:00 | Investigar | Double-Bit Axe |
| 13:04 | Investigar | Horse Collar |
| 13:07 | Crear | Villager (Male) |
| 13:12 | Construir | Stone Wall |
| 13:20 | Construir | House |
| 13:21 | Construir | House |
| 13:37 | Crear | Villager (Male) |
| 13:42 | Construir | Gate |
| 13:58 | Construir | House |
| 13:58 | Construir | House |
| 14:00 | Construir | House |
| 14:03 | Investigar | Gold Mining |
| 14:23 | Crear | Archer |
| 14:43 | Crear | Villager (Male) |
| 14:44 | Investigar | Town Watch |
| 14:55 | Construir | Stone Wall |
| 14:57 | Construir | Outpost |
| 15:13 | Investigar | Stone Mining |
| 15:27 | Construir | Outpost |
| 15:29 | Construir | Outpost |
| 15:31 | Edad | Edad de los Castillos |
| 15:36 | Construir | Town Center |
| 15:38 | Investigar | Bow Saw |
| 15:44 | Construir | Town Center |
| 15:55 | Construir | Town Center |
| 15:56 | Crear | Villager (Male) |
| 16:03 | Crear | Villager (Male) |
| 16:13 | Crear | Villager (Male) |
| 16:13 | Crear | Villager (Male) |
| 16:22 | Construir | Outpost |
| 16:39 | Construir | Town Center |
| 16:46 | Construir | Farm |
| 16:48 | Construir | Farm |
| 16:49 | Crear | Villager (Male) |
| 16:52 | Crear | Villager (Male) |
| 16:52 | Crear | Villager (Male) |
| 16:58 | Construir | Gate |
| 16:59 | Construir | Stone Wall |
| 17:00 | Construir | Stone Wall |
| 17:00 | Construir | Stone Wall |
| 17:02 | Crear | Villager (Male) |
| 17:02 | Crear | Villager (Male) |
| 17:09 | Construir | Outpost |
| 17:16 | Construir | Farm |
| 17:18 | Construir | Farm |
| 17:19 | Construir | Farm |
| 17:24 | Construir | Farm |
| 17:33 | Crear | Villager (Male) |
| 17:38 | Crear | Villager (Male) |
| 17:42 | Construir | Outpost |
| 18:02 | Construir | University |
| 18:05 | Construir | Monastery |
| 18:07 | Crear | Villager (Male) |
| 18:10 | Construir | Farm |
| 18:12 | Crear | Villager (Male) |
| 18:12 | Crear | Villager (Male) |
| 18:23 | Construir | Farm |
| 18:26 | Construir | Farm |
| 18:27 | Crear | Villager (Male) |
| 18:31 | Construir | Farm |
| 18:40 | Construir | Watch Tower |
| 18:44 | Crear | Monk |
| 18:50 | Crear | Villager (Male) |
| 18:55 | Crear | Villager (Male) |
| 18:59 | Construir | Farm |
| 19:01 | Construir | Farm |
| 19:03 | Construir | Farm |
| 19:04 | Crear | Villager (Male) |
| 19:07 | Construir | Farm |
| 19:09 | Construir | Farm |
Build order — Perro_Muchachev
Primeras 150 de 398 acciones detectadas
| 0:00 | Crear | Villager (Male) |
| 0:00 | Crear | Villager (Male) |
| 0:01 | Crear | Villager (Male) |
| 0:02 | Construir | House |
| 0:03 | Construir | House |
| 0:09 | Crear | Villager (Male) |
| 0:14 | Construir | House |
| 1:17 | Investigar | Loom |
| 1:22 | Crear | Villager (Male) |
| 1:47 | Crear | Villager (Male) |
| 1:48 | Crear | Villager (Male) |
| 1:50 | Crear | Villager (Male) |
| 2:32 | Construir | Lumber Camp |
| 2:32 | Crear | Villager (Male) |
| 2:33 | Crear | Villager (Male) |
| 2:43 | Crear | Villager (Male) |
| 2:46 | Crear | Villager (Male) |
| 2:49 | Construir | House |
| 2:54 | Crear | Villager (Male) |
| 3:23 | Crear | Villager (Male) |
| 3:24 | Crear | Villager (Male) |
| 3:25 | Crear | Villager (Male) |
| 3:46 | Crear | Villager (Male) |
| 3:48 | Crear | Villager (Male) |
| 4:00 | Crear | Villager (Male) |
| 4:05 | Crear | Villager (Male) |
| 4:20 | Construir | House |
| 4:36 | Crear | Villager (Male) |
| 4:36 | Crear | Villager (Male) |
| 4:36 | Crear | Villager (Male) |
| 4:48 | Crear | Villager (Male) |
| 4:57 | Crear | Villager (Male) |
| 4:57 | Crear | Villager (Male) |
| 5:17 | Construir | House |
| 5:23 | Crear | Villager (Male) |
| 5:37 | Construir | Lumber Camp |
| 5:38 | Crear | Villager (Male) |
| 5:46 | Crear | Villager (Male) |
| 5:57 | Crear | Villager (Male) |
| 6:09 | Crear | Villager (Male) |
| 6:23 | Crear | Villager (Male) |
| 6:30 | Crear | Villager (Male) |
| 6:35 | Crear | Villager (Male) |
| 6:46 | Construir | Mill |
| 6:47 | Crear | Villager (Male) |
| 6:51 | Crear | Villager (Male) |
| 6:58 | Construir | House |
| 6:59 | Crear | Villager (Male) |
| 7:10 | Crear | Villager (Male) |
| 7:20 | Construir | Palisade Wall |
| 7:21 | Crear | Villager (Male) |
| 7:44 | Crear | Villager (Male) |
| 7:52 | Crear | Villager (Male) |
| 8:18 | Crear | Villager (Male) |
| 8:25 | Crear | Villager (Male) |
| 8:31 | Construir | House |
| 8:34 | Crear | Villager (Male) |
| 8:48 | Construir | House |
| 8:52 | Construir | Barracks |
| 8:56 | Crear | Villager (Male) |
| 9:02 | Construir | Mill |
| 9:13 | Investigar | Feudal Age |
| 9:14 | Investigar | Feudal Age |
| 9:14 | Crear | Villager (Male) |
| 9:25 | Crear | Villager (Male) |
| 9:36 | Crear | Villager (Male) |
| 9:46 | Crear | Villager (Male) |
| 9:52 | Crear | Villager (Male) |
| 10:01 | Construir | Mining Camp |
| 10:08 | Crear | Villager (Male) |
| 10:21 | Crear | Villager (Male) |
| 10:27 | Construir | Mill |
| 10:37 | Crear | Villager (Male) |
| 10:59 | Crear | Villager (Male) |
| 10:59 | Crear | Villager (Male) |
| 11:09 | Construir | House |
| 11:23 | Edad | Edad Feudal |
| 11:26 | Crear | Villager (Male) |
| 11:28 | Construir | Blacksmith |
| 11:33 | Construir | Market |
| 11:47 | Investigar | Double-Bit Axe |
| 12:13 | Investigar | Castle Age |
| 12:17 | Crear | Villager (Male) |
| 12:19 | Construir | Mining Camp |
| 12:35 | Construir | Farm |
| 12:39 | Construir | Lumber Camp |
| 12:41 | Crear | Villager (Male) |
| 12:57 | Crear | Villager (Male) |
| 13:02 | Construir | Farm |
| 13:03 | Construir | Farm |
| 13:07 | Construir | Farm |
| 13:08 | Crear | Villager (Male) |
| 13:09 | Crear | Villager (Male) |
| 13:23 | Crear | Villager (Male) |
| 13:23 | Crear | Villager (Male) |
| 13:40 | Investigar | Wheelbarrow |
| 13:46 | Investigar | Gold Mining |
| 13:48 | Investigar | Stone Mining |
| 13:51 | Investigar | Horse Collar |
| 13:52 | Crear | Villager (Male) |
| 14:12 | Construir | House |
| 14:13 | Construir | House |
| 14:15 | Construir | House |
| 14:16 | Construir | House |
| 14:21 | Construir | House |
| 14:21 | Crear | Villager (Male) |
| 14:41 | Crear | Villager (Male) |
| 14:44 | Investigar | Scale Mail Armor |
| 14:46 | Investigar | Forging |
| 14:47 | Crear | Villager (Male) |
| 14:53 | Edad | Edad de los Castillos |
| 14:53 | Construir | Farm |
| 14:54 | Crear | Villager (Male) |
| 15:00 | Construir | Castle |
| 15:03 | Crear | Villager (Male) |
| 15:08 | Construir | Town Center |
| 15:10 | Crear | Villager (Male) |
| 15:16 | Investigar | Gold Shaft Mining |
| 15:24 | Investigar | Bow Saw |
| 15:25 | Crear | Villager (Male) |
| 15:36 | Crear | Villager (Male) |
| 15:42 | Construir | Farm |
| 15:42 | Construir | Farm |
| 15:43 | Construir | Farm |
| 15:50 | Crear | Villager (Male) |
| 16:04 | Crear | Villager (Male) |
| 16:08 | Construir | Farm |
| 16:09 | Construir | Farm |
| 16:10 | Crear | Villager (Male) |
| 16:15 | Construir | Farm |
| 16:21 | Crear | Woad Raider |
| 16:33 | Construir | Farm |
| 16:34 | Construir | Farm |
| 16:35 | Crear | Villager (Male) |
| 16:39 | Construir | Farm |
| 16:40 | Crear | Villager (Male) |
| 16:45 | Construir | House |
| 16:46 | Construir | House |
| 16:46 | Construir | House |
| 16:58 | Construir | Farm |
| 16:58 | Construir | Farm |
| 16:59 | Construir | Farm |
| 16:59 | Construir | Farm |
| 17:00 | Crear | Villager (Male) |
| 17:05 | Construir | Castle |
| 17:11 | Crear | Villager (Male) |
| 17:17 | Crear | Villager (Male) |
| 17:20 | Construir | Farm |
| 17:21 | Crear | Villager (Male) |
| 17:27 | Construir | Farm |
Cronología de la partida
| 7:20 | Perro_Muchachev · wall_segment Palisade Wall x6 |
| 7:28 | Saloon_F_F · first_building Barracks |
| 8:52 | Perro_Muchachev · first_building Barracks |
| 11:23 | Perro_Muchachev · age_up feudal |
| 11:45 | Saloon_F_F · age_up feudal |
| 12:15 | Saloon_F_F · first_building Archery Range |
| 13:12 | Saloon_F_F · wall_segment Stone Wall x9 |
| 13:36 | Saloon_F_F · first_market_buy 100 stone |
| 14:53 | Perro_Muchachev · age_up castle |
| 14:55 | Saloon_F_F · wall_segment Stone Wall x1 |
| 15:00 | Perro_Muchachev · first_building Castle |
| 15:31 | Saloon_F_F · age_up castle |
| 16:59 | Saloon_F_F · wall_segment Stone Wall x1 |
| 17:00 | Saloon_F_F · wall_segment Stone Wall x1 |
| 17:00 | Saloon_F_F · wall_segment Stone Wall x1 |
| 18:05 | Saloon_F_F · first_building Monastery |
| 19:25 | Saloon_F_F · wall_segment Stone Wall x5 |
| 19:36 | Saloon_F_F · first_building Castle |
| 20:42 | Saloon_F_F · wall_segment Stone Wall x9 |
| 21:35 | Perro_Muchachev · first_building Siege Workshop |
| 23:29 | Saloon_F_F · wall_segment Stone Wall x10 |
| 23:36 | Perro_Muchachev · first_market_sell 500 wood |
| 24:47 | Perro_Muchachev · age_up imperial |
| 24:55 | Perro_Muchachev · first_market_buy 100 food |
| 26:30 | Saloon_F_F · first_building Siege Workshop |
| 27:57 | Saloon_F_F · age_up imperial |
| 28:45 | Perro_Muchachev · wall_segment Stone Wall x4 |
| 28:46 | Perro_Muchachev · wall_segment Stone Wall x1 |
| 29:19 | Saloon_F_F · resign |
[ ANÁLISIS IA · 1 CRÉDITO ]
¿Qué pasó realmente en esta partida?
Wolo.gg analiza cada decisión: build order, eco, micro, errores típicos por bracket. Análisis personalizado por WhatsApp o Discord en 30 segundos.
Guía civ
Etíopes
Perfil
Jugador #1115953